 Dungeon Crawl Stone Soup version 0.31.0-12-g77e489cdc1 (webtiles) character file.

Game seed: 6510091878583040771

39 dovinsCheeto the Chopper (level 3, -5/33 HPs)
             Began as a Hill Orc Monk on Feb 12, 2024.
             Slain by a gnoll
             ... wielding a +0 flail
              (7 damage)
             ... on level 1 of the Dungeon.
             The game lasted 00:09:44 (1226 turns).

dovinsCheeto the Chopper (Hill Orc Monk)            Turns: 1226, Time: 00:09:45

Health: -5/33      AC:  7    Str: 15    XL:     3   Next: 45%
Magic:  3/3        EV: 11    Int: 16    God:
Gold:   56         SH:  0    Dex: 13    Spells: 2/2 levels left

rFire   . . .        a - +1 hand axe
rCold   . . .        d - orb {light}
rNeg    . . .        j - +0 ring mail
rPois   +            h - +2 hat
rElec   .            (no cloak)
rCorr   .            (no gloves)
SInv    .            (no boots)
Will    .....        (no amulet)
Stlth   +            f - ring of poison resistance
HPRegen 0.25/turn    g - +6 ring of intelligence
MPRegen 0.08/turn

%: no passive effects
@: glowing
A: no striking features
a: no special abilities


You were on level 1 of the Dungeon.
You visited 1 branch of the dungeon, and saw 2 of its levels.

You collected 56 gold pieces.

Inventory:

Hand Weapons
 a - a +1 hand axe (weapon)
Missiles
 l - a stone (quivered)
Armour
 b - a +0 robe
 d - an orb of light (worn)
 h - a +2 hat (worn)
 j - a +0 ring mail (worn)
Jewellery
 f - a ring of poison resistance (left hand)
 g - a +6 ring of intelligence (right hand)


   Skills:
 - Level 4.0 Fighting
 * Level 5.5 Axes
 - Level 2.4 Dodging


You had 2 spell levels left.
You didn't know any spells.
Your spell library was empty.

Dungeon Overview and Level Annotations

Branches:
Dungeon (2/15)

Altars:


Message History

You hit the jackal.
The jackal is severely wounded.
The jackal closely misses you.
You hit the jackal.
The jackal is almost dead.
The jackal barely misses you. The jackal closely misses you.
You barely miss the jackal.
The jackal is almost dead.
The jackal bites you but does no damage.
You completely miss the jackal.
The jackal is almost dead.
The jackal misses you.
The jackal bites you but does no damage.
You hit the jackal.
You kill the jackal!
You hit the gnoll.
The gnoll is lightly wounded.
The gnoll completely misses you.
You hit the gnoll but do no damage.
The gnoll is lightly wounded.
The gnoll hits you with a +0 flail. The gnoll hits you with a +0 flail.
The gnoll attacks as it pursues you! The gnoll hits you but does no damage.
The gnoll attacks as it pursues you! The gnoll hits you with a +0 flail!
* * * LOW HITPOINT WARNING * * *
You barely miss the gnoll.
The gnoll is lightly wounded.
The gnoll closely misses you.
You hit the gnoll.
The gnoll is heavily wounded.
The gnoll hits you with a +0 flail.
* * * LOW HITPOINT WARNING * * *
You completely miss the gnoll.
The gnoll is heavily wounded.
The gnoll barely misses you. The gnoll hits you with a +0 flail.
* * * LOW HITPOINT WARNING * * *
You hit the gnoll but do no damage.
The gnoll is heavily wounded.
The gnoll hits you with a +0 flail!
You die...

#...............#
#...............#
#...........##### #...........#
#...........# #...........#
#...........#
#...........#############
#####......@................
#...+......g.###############
#.###........# #.#..........##
#.#.#.#+#.#...#########
######.#.###.#.#.#.#.......######
.............#.#.#.'...<...'....#
.#####.#.........#.#.......####.#
.# #...........#.######### #..


You could see a gnoll.

Vanquished Creatures
  A gnoll (D:2)
  3 bats (D:1)
  An endoplasm (D:1)
  A giant cockroach (D:1)
  4 hobgoblins (D:1)
  5 jackals (D:1)
  2 kobolds (D:1)
  5 ball pythons
  2 frilled lizards (D:1)
  2 rats (D:1)
26 creatures vanquished.

Notes
Turn   | Place    | Note
-------+----------+-------------------------------------------
     0 | D:1      | dovinsCheeto the Hill Orc Monk began the quest for the Orb.
     0 | D:1      | Reached XP level 1. HP: 19/19 MP: 1/1
   157 | D:1      | Reached XP level 2. HP: 27/27 MP: 2/2
   597 | D:1      | Reached skill level 5 in Axes
   621 | D:1      | Reached XP level 3. HP: 33/33 MP: 3/3
  1043 | D:2      | HP: 1/33 [gnoll/+0 spear (2)]
  1226 | D:1      | Slain by a gnoll

Illustrated notes

Levels and vault maps discovered:
D:1:      minmay_arrival_up_and_down, layout_basic
D:2:      layout_loops_corners, basic_altar, minmay_surrounded, uniq_jessica

Skill      XL: |  1  2 |
---------------+-------+-----
Fighting       | 4 |  4.0
Axes           | 5 |  5.5
Dodging        | |  2.4

Action                     || total
---------------------------++-------
  Melee: Hand axe          ||    74
  Throw: Stone             ||     5
    Use: Potion            ||     4
         Scroll            ||     2
 Armour: Robe              ||    19
         Ring mail         ||    38
  Dodge: Dodged            ||    57
